 Dungeon Sprint DCSS version 0.30-b1-7-gcb88a99046 (webtiles) character file.

Game seed: 8351113939558962036

10066 dialectric the Ninja (level 11, -9/60 HPs)
             Began as a Spriggan Brigand on May 5, 2023.
             Was a High Priest of Trog.
             Mangled by Kirke (16 damage)
             ... in the Dungeon (Sprint II: "The Violet Keep of Menkaure").
             The game lasted 00:06:39 (700 turns).

dialectric the Ninja (Spriggan Brigand)              Turns: 700, Time: 00:06:40

Health: -9/60      AC:  0    Str:  9    XL:     11   Next: 31%
Magic:  12/12      EV: 25    Int: 12    God:    Trog [*****.]
Gold:   103        SH:  0    Dex: 20    Spells: 10/10 levels left

rFire   . . .        m - melded +1 rapier (speed)
rCold   . . .        (shield currently unavailable)
rNeg    . . .        l - melded +0 robe "Xegryl" {+Inv Stlth+}
rPois   .            (helmet currently unavailable)
rElec   .            c - melded +0 cloak
rCorr   .            (gloves unavailable)
SInv    +            (boots unavailable)
Will    +....        n - amulet of the acrobat
Stlth   ++++++++++   o - melded ring of flight
HPRegen 0.30/turn    (ring currently unavailable)
MPRegen 0.13/turn

%: no teleportation, acrobat
@: pig-form, on berserk cooldown, slowed
A: fast, no casting, small, no large weapons, unfitting armour, see invisible,
(speed 3)
a: Renounce Religion, Berserk, Trog's Hand, Brothers in Arms


You were in the Dungeon.
You worshipped Trog.
Trog was extremely pleased with you.
You were a filthy swine.
You visited 1 branch You collected 976 gold pieces.
You spent 873 gold pieces at shops.

Inventory:

Hand Weapons
 a - a +2 dagger
 m - a +1 rapier of speed (melded)
Missiles
 d - 9 poisoned darts
 e - 2 curare-tipped darts (quivered)
Armour
 b - a +0 robe
 c - a +0 cloak (melded)
 l - the +0 robe "Xegryl" (melded) {+Inv Stlth+}
   (You bought it in a shop in the Dungeon)

   +Inv:      It lets you turn invisible.
   Stlth:     It makes you more stealthy.
Jewellery
 n - an amulet of the acrobat (around neck)
 o - a ring of flight (melded)
Scrolls
 j - 2 scrolls of brand weapon {unknown}
 k - 2 scrolls of blinking
Potions
 f - 2 potions of curing
 g - a potion of heal wounds
 h - a potion of haste
 i - 2 potions of magic


   Skills:
 + Level 8.7 Fighting
 + Level 17.2 Short Blades
 - Level 2.0 Throwing
 + Level 13.3 Dodging
 O Level 27 Stealth
 + Level 5.1 Evocations


You had 10 spell levels left.
You didn't know any spells.
Your spell library was empty.

Dungeon Overview and Level Annotations

Branches:
Dungeon (1/1)

Altars:
Cheibriados
Dithmenos
Elyvilon
Fedhas
Gozag
Hepliaklqana
Kikubaaqudgha
Makhleb
Nemelex Xobeh
Okawaru
Qazlal
Ru
Sif Muna
Trog
Uskayaw
Vehumet
Wu Jian
Xom
Yredelemnul
Zin
The Shining One
Jiyva
Lugonu

Shops:
D :[[*!?:=[:*[(!=

Annotations:
D exclusion: oklob plant, Kirke


Innate Abilities, Weirdness & Mutations

You are a filthy swine.
You move quickly.
Your equipment is almost entirely melded.
You are incapable of wielding weapons or throwing items.
You cannot cast spells.
You are very small and have problems with some larger weapons.
You are too small for most types of armour.
You have supernaturally acute eyesight. (SInv)
((You cover ground extremely quickly. (Speed+++)))


Message History

You hit the cane toad but do no damage.
The cane toad is heavily wounded.
You puncture the cane toad!
The cane toad is almost dead.
You puncture the cane toad!
You kill the cane toad!
Trog accepts your kill.
You are engulfed in a cloud of scalding steam.
* * * LOW HITPOINT WARNING * * *
You see here a cane toad corpse.
You feel a strong urge to attack something.
You feel your anger nearly subside.
You are no longer berserk.
You are exhausted.
You feel yourself slow down.
There is an open door here.
You see here 2 curare-tipped darts.
e - 2 curare-tipped darts You reach down and close the door.
There is an open door here.
You reach down and close the door.
You reach down and close the door.
Something unseen opens the door.
You start resting.
Kirke is nearby!
There is an open door here.
You barely miss Kirke.
Kirke shouts!
Kirke points at you and mumbles some strange words.
You turn into a filthy swine.
Your +1 rapier of speed melds into your body.
Your +0 cloak melds into your body.
The +0 robe "Xegryl" {+Inv Stlth+} melds into your body.
Your ring of flight melds into your body.
You float gracefully downwards.
Unknown command.
Your ogre goes berserk!
Kirke hits you!
* * * LOW HITPOINT WARNING * * *
Kirke attacks as you move away! Kirke hits you!
You die...

### +≈≈≈≈≈8≈≈○≈≈##'h##
#.c@####○≈≈≈≈°≈≈≈##≈.h.###
#Y.Ycz~## ≈≈≈≈≈ #)≈.^.^.###
###########~z#+++#+++#####.Y.Z#!#
##########~~K.........#..'Z5ZK#..
#....∩.∩.#~~~~.##+##..#(÷####.#)†
#...∩.∩..#~~~~##.####÷####..'F##.
#..∩.∩...#~~~~#@##O.#....#..#...#
#.⌠.∩....#~~####h..####..#####5F#
#..∩.∩...#~##.###'###.##..#..'.4#
#...∩.∩..#~#.####.##...#..#..#..#
#....∩.∩.'~'##.'.<.+##.+..####..#
#.......∩#~#...##.##...#....###§K
▓▓▓▓▓▓▓###~##.###)###.##§.h...~~~
#?SG######~~####.#)####~~.§§..~#'
#$.S#[ ##~~~#..#..#~~~§~~§†.~#.
#∩P=+$ #'#~##.#.##~§~~~~~~.~#_


You could see Kirke (ally target) and a friendly ogre (summoned, berserk).

Vanquished Creatures
  A deep elf master archer (D)
  A crystal guardian (D)
  2 boulder beetles (D)
  An ice dragon (D)
  A centaur warrior (D)
  An iron elemental (D)
  2 hell hogs (D)
  2 death drakes (D)
  A manticore (D)
  A cane toad (D)
  A yaktaur (D)
  3 polar bears (D)
  A hornet (D)
  2 wyverns (D)
  A vampire mosquito (D)
  Menkaure (D)
  4 neqoxecs (D)
  A water moccasin (D)
  2 swamp drakes (D)
  A black bear (D)
  4 necrophages (D)
  3 worms (D)
37 creatures vanquished.

Vanquished Creatures (others)
  2 spectral bats (D)
  8 tentacles (D)
10 creatures vanquished.

Grand Total: 47 creatures vanquished

Notes
Turn   | Place    | Note
-------+----------+-------------------------------------------
     0 | D        | dialectric the Spriggan Brigand began the quest for the
                  | Orb.
     0 | D        | Reached XP level 1. HP: 10/10 MP: 2/2
     1 | D        | Noticed a neqoxec
     1 | D        | Noticed a neqoxec
     1 | D        | Noticed a neqoxec
     1 | D        | Noticed a neqoxec
     4 | D        | Noticed a necrophage
     4 | D        | Noticed a necrophage
     4 | D        | Noticed a necrophage
     4 | D        | Noticed a necrophage
    12 | D        | Killed a necrophage
    13 | D        | Reached skill level 11 in Stealth
    13 | D        | Reached XP level 2. HP: 14/16 MP: 3/3
    13 | D        | Reached XP level 3. HP: 17/19 MP: 4/4
    16 | D        | Killed a necrophage
    17 | D        | Reached skill level 13 in Stealth
    17 | D        | Reached XP level 4. HP: 18/23 MP: 5/5
    33 | D        | Killed a necrophage
    34 | D        | Reached skill level 15 in Stealth
    34 | D        | Reached XP level 5. HP: 15/28 MP: 6/6
    44 | D        | Reached skill level 5 in Short Blades
    44 | D        | Reached skill level 16 in Stealth
    87 | D        | Found Nod Kuipn's Antique Armour Boutique.
    87 | D        | Found Karalara's Jewellery Shop.
    87 | D        | Found Coph's General Store.
    87 | D        | Found Xogeap's Antique Weapon Shop.
    87 | D        | Found Batac's Book Boutique.
    88 | D        | Found Patriel's Jewellery Shop.
    88 | D        | Found Cucaeq's Antique Armour Shop.
    88 | D        | Found Wuidaida's Magic Scroll Boutique.
    88 | D        | Found Erelout's Distillery.
    88 | D        | Found Roatwu's Assorted Antiques.
   100 | D        | Noticed a boulder beetle
   100 | D        | Noticed a boulder beetle
   103 | D        | Killed a boulder beetle
   104 | D        | Reached skill level 5 in Fighting
   104 | D        | Reached skill level 20 in Stealth
   104 | D        | Reached XP level 6. HP: 25/35 MP: 7/7
   104 | D        | Reached XP level 7. HP: 28/39 MP: 8/8
   118 | D        | Found a glowing golden altar of the Shining One.
   118 | D        | Found an ornate altar of the Wu Jian Council.
   119 | D        | Found a shimmering altar of Xom.
   119 | D        | Found a sacrificial altar of Ru.
   120 | D        | Found a basalt altar of Yredelemnul.
   120 | D        | Found a shimmering blue altar of Sif Muna.
   121 | D        | Found a glowing silver altar of Zin.
   121 | D        | Found a bloodstained altar of Trog.
   121 | D        | Found an ancient bone altar of Kikubaaqudgha.
   121 | D        | Found a stormy altar of Qazlal.
   121 | D        | Found a viscous altar of Jiyva.
   122 | D        | Found a hide-covered altar of Uskayaw.
   122 | D        | Found a corrupted altar of Lugonu.
   122 | D        | Found a shadowy altar of Dithmenos.
   123 | D        | Found a radiant altar of Vehumet.
   123 | D        | Found a burning altar of Makhleb.
   123 | D        | Found a white marble altar of Elyvilon.
   124 | D        | Found a sparkling altar of Nemelex Xobeh.
   124 | D        | Found a blossoming altar of Fedhas.
   126 | D        | Found an iron altar of Okawaru.
   126 | D        | Found an opulent altar of Gozag.
   126 | D        | Found a hazy altar of Hepliaklqana.
   126 | D        | Found a snail-covered altar of Cheibriados.
   130 | D        | Became a worshipper of Trog the Wrathful
   139 | D        | Noticed a wyvern
   140 | D        | Noticed a wyvern
   141 | D        | Killed a wyvern
   142 | D        | Reached skill level 21 in Stealth
   142 | D        | Reached XP level 8. HP: 38/43 MP: 9/9
   156 | D        | Noticed an iron elemental
   157 | D        | Killed an iron elemental
   157 | D        | Reached * piety under Trog
   158 | D        | Reached skill level 22 in Stealth
   167 | D        | Noticed a deep elf master archer
   170 | D        | Noticed a hell hog
   170 | D        | Noticed a hell hog
   172 | D        | Killed a hell hog
   173 | D        | Reached skill level 10 in Short Blades
   173 | D        | Reached skill level 24 in Stealth
   173 | D        | Reached XP level 9. HP: 48/48 MP: 10/10
   174 | D        | Killed a hell hog
   174 | D        | Reached ** piety under Trog
   175 | D        | Reached skill level 25 in Stealth
   190 | D        | Noticed a yaktaur
   190 | D        | Noticed a polar bear
   191 | D        | Noticed a polar bear
   191 | D        | Noticed a polar bear
   192 | D        | Killed a polar bear
   193 | D        | Killed a polar bear
   196 | D        | Reached skill level 26 in Stealth
   197 | D        | Killed a yaktaur
   197 | D        | Reached *** piety under Trog
   198 | D        | Killed a polar bear
   199 | D        | Reached XP level 10. HP: 53/53 MP: 11/11
   208 | D        | Noticed a kraken
   240 | D        | Noticed Menkaure
   283 | D        | Noticed an ice statue
   287 | D        | Killed Menkaure
   288 | D        | Reached skill level 27 in Stealth
   297 | D        | Reached **** piety under Trog
   300 | D        | Reached skill level 10 in Dodging
   325 | D        | Found Cesomez's Distillery.
   325 | D        | Found Oseneott's Book Shop.
   325 | D        | Found Nomomesy's Armour Shop.
   325 | D        | Found Wukhliwku's Antique Armour Boutique.
   359 | D        | Noticed a great orb of eyes
   359 | D        | Noticed an oklob plant
   360 | D        | Found Goraepiz's Book Shoppe.
   374 | D        | Noticed an orange crystal statue
   391 | D        | Bought an opalescent robe for 108 gold pieces
   391 | D        | Identified the +0 robe "Xegryl" {+Inv Stlth+} (You bought
                  | it in a shop in the Dungeon)
   408 | D        | Bought a scroll of blinking for 75 gold pieces
   409 | D        | Bought a glowing rapier for 182 gold pieces
   416 | D        | Bought a potion of curing for 33 gold pieces
   418 | D        | Bought an amulet of the acrobat for 300 gold pieces
   451 | D        | Bought a ring of flight for 175 gold pieces
   461 | D        | Noticed an elephant
   461 | D        | Noticed a centaur warrior
   461 | D        | Noticed Kirke
   461 | D        | Noticed a yaktaur captain
   461 | D        | Noticed a skeletal warrior
   494 | D        | Noticed a death drake
   501 | D        | Noticed a death drake
   501 | D        | Noticed a crystal guardian
   504 | D        | Killed a crystal guardian
   504 | D        | Reached ***** piety under Trog
   505 | D        | Reached skill level 1 in Evocations
   505 | D        | Killed a death drake
   505 | D        | Received a gift from Trog
   507 | D        | Killed a death drake
   508 | D        | Reached skill level 15 in Short Blades
   523 | D        | Killed a deep elf master archer
   524 | D        | Reached XP level 11. HP: 51/60 MP: 12/12
   525 | D        | Noticed an ice dragon
   527 | D        | Killed an ice dragon
   558 | D        | Killed a boulder beetle
   643 | D        | Killed a centaur warrior
   643 | D        | Received a gift from Trog
   670 | D        | Reached skill level 5 in Evocations
   700 | D        | Mangled by Kirke

Illustrated notes

Levels and vault maps discovered:
D:        the_violet_keep_of_menkaure [sprint2_stairs_cluster_1,
          sprint2_shoproom, sprint2_temple, sprint2_basic_supplies,
          sprint2_obstacle_4, sprint2_obstacle_3, sprint2_obstacle_2,
          sprint2_obstacle_1, sprint2_obstacle_6, sprint2_timed_cluster_1,
          sprint2_smallroom_cluster_1, sprint2_smallroom_final_cluster_1,
          sprint2_transparent_cluster_1, sprint2_second_timed_cluster_1,
          sprint2_sniper_area_1, sprint2_heavy_combat_area_1,
          sprint2_mutation_trap_area_1, sprint2_forest_area_1,
          sprint2_light_combat_area_1, sprint2_behind_water_1,
          sprint2_near_end_vault_1]

Skill      XL: |  1  2  3  4  5  6  7  8  9 10 11 |
---------------+----------------------------------+-----
Fighting       | 2 3 5 6 7 8 |  8.7
Short Blades   | 3 4 8 10 12 15 17 | 17.2
Dodging        | 2 3 6 8 9 12 13 | 13.3
Stealth        | 11 13 15 20 21 24 26 27 | 27.0
Evocations     | 4 5 |  5.1
Throwing       | |  2.0

Action                     |  1- 3 |  4- 6 |  7- 9 | 10-12 || total
---------------------------+-------+-------+-------+-------++-------
  Melee: Dagger            |     9 |    44 |    11 |    15 ||    79
         Punch             |       |       |     1 |     1 ||     2
         Rapier            |       |       |       |    29 ||    29
  Throw: Dart              |       |     4 |       |     7 ||    11
 Invoke: Berserk           |       |       |       |     3 ||     3
         Brothers in Arms  |       |       |       |     1 ||     1
Ability: Evoke Invisibilit |       |       |       |     1 ||     1
    Use: Potion            |     1 |       |       |       ||     1
   Stab: Sleeping          |       |     2 |    10 |    12 ||    24
         Distracted        |       |       |       |     2 ||     2
 Armour: Robe              |     1 |     1 |       |     1 ||     3
  Dodge: Dodged            |     4 |    26 |       |    52 ||    82
